 Dungeon Crawl Stone Soup version 0.29.1-12-g30fa7ad0bf (webtiles) character file.

Game seed: 15971210910107339086

17 hawla the Chiller (level 3, -2/26 HPs)
             Began as a Meteoran Ice Elementalist on Jan 10, 2023.
             Killed from afar by a dart slug (3 damage)
             ... with a slug dart
             ... on level 3 of the Dungeon.
             The game lasted 00:02:15 (450 turns).

hawla the Chiller (Meteoran Ice Elementalist)        Turns: 450, Time: 00:02:16

Health: -2/26      AC:  2    Str: 10    XL:     3   Next: 2%
Magic:  5/8        EV: 12    Int: 18    God:
Gold:   43         SH:  0    Dex: 14    Spells: 7/8 levels left

rFire   . . .      SeeInvis .   (no weapon)
rCold   . . .      Faith    .   (no shield)
rNeg    . . .      Spirit   .   a - +0 robe
rPois   .          Reflect  .   (no helmet)
rElec   .          Harm     .   (no cloak)
rCorr   .          Rampage  .   (no gloves)
Will    .....                   (no boots)
Stlth   +.........              (no amulet)
HPRegen 0.08/turn               (no ring)
MPRegen 0.11/turn               (no ring)

@: glowing
A: sense surroundings 1, otherworldly, glowing, explore regen
a: no special abilities


You were on level 3 of the Dungeon.
You visited 1 branch of the dungeon, and saw 3 of its levels.

You collected 43 gold pieces.

Inventory:

Armour
 a - a +0 robe (worn)
Wands
 d - a wand of flame (13)
Scrolls
 c - a scroll of enchant weapon {unknown}
 g - a scroll of fear {unknown}
Potions
 b - a potion of magic
 e - a potion of cancellation {unknown}
 f - a potion of haste {unknown}
 h - a potion of attraction {unknown}


   Skills:
 + Level 2.5 Dodging
 - Level 1.4 Stealth
 + Level 3.0 Spellcasting
 + Level 4.9 Ice Magic


You had 7 spell levels left.
You knew the following spells:

 Your Spells              Type           Power      Damage    Failure   Level
a - Freeze                Ice            80%        1d9       2%          1

Your spell library contained the following spells:

 Spells                   Type           Power      Damage    Failure   Level
 Frozen Ramparts          Ice            40%        1d7       6%          3
 Ozocubu's Armour         Ice            20%        N/A       6%          3
 Hailstorm                Conj/Ice       11%        3d5       52%         4


Dungeon Overview and Level Annotations

Branches:
Dungeon (3/15) Zot: 1343

Altars:

Annotations:
D:2 Terence


Innate Abilities, Weirdness & Mutations

You passively map a small area around you.
You are easily found by Zot.
You glow in the dark.
You regain HP and MP as you explore.


Message History

Unknown command.
You start waiting.
Magic restored.
You climb downwards.
There is a stone staircase leading up here.
A dart slug comes into view.
Casting: Freeze (safe; 2% risk of failure)
Confirm with . or Enter, or press ? or * to list all spells.
Aiming: Freeze (safe; 2% risk of failure)
Press: ? - help, Shift-Dir - straight line, f - dart slug
Aim: a dart slug You freeze the dart slug!
The dart slug is severely wounded.
The dart slug launches a dart at you. The slug dart hits you.
* * * LOW HITPOINT WARNING * * *
The dart slug launches a dart at you. The slug dart hits you.
* * * LOW HITPOINT WARNING * * *
Casting: Freeze (safe; 2% risk of failure)
Confirm with . or Enter, or press ? or * to list all spells.
Aiming: Freeze (safe; 2% risk of failure)
Press: ? - help, Shift-Dir - straight line, f/p - dart slug
Aim: a dart slug (severely wounded)
You freeze the dart slug.
You kill the dart slug!
The dart slug launches a dart at you. The slug dart misses you.
You have reached level 3!
Your experience leads to an increase in your attributes!
Increase (S)trength, (I)ntelligence, or (D)exterity?
You feel clever. x2; You feel stronger. The dart slug launches a dart at you.
The slug dart hits you.
* * * LOW HITPOINT WARNING * * *
The dart slug launches a dart at you. The slug dart misses you.
The dart slug launches a dart at you. The slug dart hits you.
You die...

. * #..##~~.†~†..#
,,, .....≈≈≈≈~~~†##
, *
#..#≈≈~≈≈~~#~≈~## *
#.#~≈≈#≈~~≈≈≈≈≈~#.
* * ,
#w≈≈≈≈≈~#~≈≈#≈~.#,
##~~≈≈≈≈~~#≈≈≈~≈≈#
,
#≈~≈#~~≈~~~≈~≈≈≈≈≈.
,
#~≈~..~#..?~~.~≈~~.
*
.~#⌠).@.<.<...~≈..
#~≈~.#~#.[.w...≈~≈
* +
#≈≈~~$≈≈≈~~~~≈~~~~
*
,##≈≈~≈~≈≈≈~≈≈#≈≈~#
, , ,
#.~#≈≈≈≈~~#≈≈≈~.# ,
..#≈≈≈≈~~~≈≈#≈≈##.
# ##~≈w~~≈≈≈w~≈# ,
##.≈~~~~~≈.## * *
*,


You could see 4 dart slugs.

Vanquished Creatures
  4 dart slugs (D:3)
  2 ball pythons (D:2)
  A kobold (D:2)
  2 bats (D:2)
  A frilled lizard (D:1)
10 creatures vanquished.

Notes
Turn   | Place    | Note
-------+----------+-------------------------------------------
     0 | D:1      | hawla the Meteoran Ice Elementalist began the quest for the
                  | Orb.
     0 | D:1      | Reached XP level 1. HP: 14/14 MP: 5/5
    69 | D:1      | You fall into a shaft and drop 1 floor!
    78 | D:2      | Noticed Terence
   259 | D:2      | Reached XP level 2. HP: 19/20 MP: 2/6
   450 | D:3      | Reached XP level 3. HP: 5/26 MP: 5/8
   450 | D:3      | HP: 1/26 [dart slug/slug dart (4)]
   450 | D:3      | Killed from afar by a dart slug

Illustrated notes

Levels and vault maps discovered:
D:1:      ncdulo_watergridlock, layout_basic, ebering_ecumenical_altar_box,
          glass_columns_b, reono_crystal_passage
D:2:      layout_basic, uniq_terence
D:3:      kennysheep_slugbush, layout_basic, minmay_misc_feat_alley,
          uniq_natasha

Skill      XL: |  1  2 |
---------------+-------+-----
Spellcasting   | 3 |  3.0
Dodging        | |  2.5
Stealth        | |  1.4
Ice Magic      | |  4.9

Action                   || total
-------------------------++-------
Melee: Unarmed           ||    10
 Cast: Freeze            ||    18
Armor: Robe              ||     6
Dodge: Dodged            ||    23
